Cogmind - Beta 13 @@@ ROGUE MODE // 2024.06.15 @ 19:39:32 Player: tirrike Result: Self-destructed Performance ------------- Evolutions (3) 1500 Regions Visited (12) 2400 Robots Destroyed (99) 495 Value Destroyed (2338) 2338 Prototype IDs (41) 820 Alien Tech Used (0) 0 Bonus (300) 300 TOTAL SCORE: 7853 Bonus ------- Aligned with FarCom 300 Cogmind --------- Core Integrity 474/700 Matter 290/300 Energy 1/100 System Corruption 1% Temperature Cool (12) Movement Flying (29) Location -7/Lower Caves Parts ------- > --- POWER (1) -------- (None) > --- PROPULSION (4) --- Improved Flight Unit Improved Flight Unit Improved Flight Unit Improved VTOL Module > --- UTILITY (6) ------ Small Storage Unit Structural Scanner Seismic Detector Improved Melee Analysis Suite Hacking Suite Hacking Suite > --- WEAPON (2) ------- Axe Spear > --- INVENTORY (8) ---- Advanced Visual Processing Unit Core Analyzer Improved Propulsion Shielding Utility Shielding Hacking Suite System Shield System Shield Peak State ------------ > --- POWER ------------ Micro Nuclear Core > --- PROPULSION ------- Improved Flight Unit Improved Flight Unit Improved VTOL Module Improved Cesium-ion Thruster > --- UTILITY ---------- Small Storage Unit Structural Scanner Improved Melee Analysis Suite Improved Propulsion Shielding Hacking Suite Hacking Suite > --- WEAPON ----------- Axe Spear > --- INVENTORY -------- Light Nuclear Core Improved Flight Unit Improved Flight Unit Seismic Detector Core Analyzer ECM Suite Utility Shielding System Shield [Rating: 42] Favorites ----------- Power Ion Engine Engine Ion Engine Power Core Light Nuclear Core Propulsion Light Treads Treads Light Treads Flight Unit Improved Flight Unit Utility Structural Scanner Device Structural Scanner Storage High-capacity Storage Unit Processor Improved Melee Analysis Suite Hackware Hacking Suite Protection Light Armor Plating Weapon Improved Assault Rifle Energy Gun Medium Laser Ballistic Gun Improved Assault Rifle Ballistic Cannon Light Cannon Launcher Mini Grenade Launcher Impact Weapon Power Maul Slashing Weapon Axe Piercing Weapon Spear Build | -11 -10 -10 -9 -9 -9 -8 -8 -7 -7 -7 -7 -7 ------- Run | Yrd Mat Min Mat Min Exi Min Mat Fac Was Fac Low Low Slots Evolved 6 | . . . 2 . . . 2 2 . . . . Power . | . . . . . . . . . . . . . Propulsion 2 | . . . 1 . . . . 1 . . . . Utility 4 | . . . 1 . . . 2 1 . . . . Weapon . | . . . . . . . . . . . . . Parts Attached 138 | 7 15 3 31 2 3 2 33 25 . 15 1 1 Power 18 | 1 4 . 2 . . . 3 4 . 4 . . Engine 7 | 1 3 . 2 . . . . 1 . . . . Core 11 | . 1 . . . . . 3 3 . 4 . . Reactor . | . . . . . . . . . . . . . Propulsion 33 | 2 5 . 9 . . . 5 5 . 6 . 1 Treads 20 | 2 5 . 8 . . . 5 . . . . . Leg . | . . . . . . . . . . . . . Wheel . | . . . . . . . . . . . . . Hover . | . . . . . . . . . . . . . Flight 13 | . . . 1 . . . . 5 . 6 . 1 Utility 40 | 2 2 1 4 1 3 1 9 13 . 3 1 . Device 11 | 1 1 1 1 1 1 . 2 2 . . 1 . Storage 6 | 1 1 . 1 . 2 . . 1 . . . . Processor 4 | . . . . . . 1 2 1 . . . . Hackware 3 | . . . . . . . 1 1 . 1 . . Protection 16 | . . . 2 . . . 4 8 . 2 . . Artifact . | . . . . . . . . . . . . . Weapon 47 | 2 4 2 16 1 . 1 16 3 . 2 . . Energy Gun 1 | 1 . . . . . . . . . . . . Energy Cannon . | . . . . . . . . . . . . . Ballistic Gun 23 | 1 2 1 9 . . 1 9 . . . . . Ballistic Cannon 6 | . 2 . 4 . . . . . . . . . Launcher 3 | . . 1 . 1 . . . 1 . . . . Special Weapon . | . . . . . . . . . . . . . Impact Weapon 3 | . . . 2 . . . . 1 . . . . Slashing Weapon 10 | . . . 1 . . . 7 1 . 1 . . Piercing Weapon 1 | . . . . . . . . . . 1 . . Special Melee Weapon . | . . . . . . . . . . . . . Unidentified Prototypes 4 | . . . 2 . . . . . . 2 . . Parts Lost 16 | . 1 . 3 . . . 3 3 . 4 . 2 Power 5 | . 1 . 1 . . . 1 . . 1 . 1 Propulsion 3 | . . . . . . . . 1 . 1 . 1 Utility 6 | . . . 1 . . . 2 1 . 2 . . Weapon 2 | . . . 1 . . . . 1 . . . . Highest Loss Streak 3 | . 1 . 1 . . . 1 3 . 3 . 2 To Critical Strikes . | . . . . . . . . . . . . . Average Slot Usage (%) 98 | . 97 100 99 100 100 100 98 96 100 99 100 98 Engine 6 | . 9 . 9 11 11 11 4 . . . . . Core 4 | . 3 14 1 . . . 4 6 7 6 7 6 Treads 25 | . 27 28 33 33 33 33 26 1 . . . . Flight 4 | . . . . . . . . 27 30 29 30 30 Device 15 | . 13 14 17 22 19 21 14 7 7 7 15 15 Storage 10 | . 14 14 11 11 13 11 9 7 7 7 7 7 Processor 1 | . . . . . . . 1 4 7 7 7 7 Hackware 4 | . . . . . . . 9 12 15 14 15 15 Protection 4 | . . . 4 . . . 9 12 7 6 . . Energy Gun 1 | . 7 . . . . . . . . . . . Ballistic Gun 10 | . 14 . 14 11 11 11 15 1 . . . . Ballistic Cannon 4 | . 6 14 6 . . . . . . . . . Launcher 3 | . . 13 . 10 11 11 . 2 . . . . Slashing Weapon 1 | . . . . . . . 2 6 7 6 7 7 Naked Turns . | . . . . . . . . . . . . . Heaviest Build 58 | 12 30 30 55 51 51 52 58 56 20 20 17 17 Greatest Support 66 | 40 40 40 63 63 63 63 66 63 20 20 20 20 Greatest Overweight (x) 6 | 1 6 . 1 . . . 1 2 . 1 . . Average Overweight (x) . | . . . . . . . . . . . . . Largest Inventory Capacity 20 | 8 15 15 20 20 20 20 20 20 8 8 8 8 Average Capacity 16 | 7 13 15 19 20 20 20 20 9 8 8 8 8 Most Carried 20 | 2 14 14 20 18 20 19 20 20 7 8 8 8 Average Carried 14 | . 8 12 17 18 18 19 19 8 7 7 8 7 Final Capacity 20 | 8 15 15 20 20 20 20 20 8 8 8 8 8 Final Carried 20 | 1 12 13 18 18 19 19 20 7 7 8 8 7 Class Distribution -------------------- 61% | Mutant 21% | Scavenger-Mutant 12% | Hacker-Sprinter Dominant Class ---------------- Mutant | -10/Materials Mutant | -10/Mines Mutant | -9/Materials Mutant | -9/Mines Mutant | -9/Exiles Mutant | -8/Mines Scavenger-Mutant | -8/Materials Hacker-Sprinter | -7/Factory Hacker-Sprinter | -7/Waste Hacker-Sprinter | -7/Factory Hacker-Sprinter | -7/Lower Caves Hacker-Sprinter | -7/Lower Caves Resources | -11 -10 -10 -9 -9 -9 -8 -8 -7 -7 -7 -7 -7 ----------- Run | Yrd Mat Min Mat Min Exi Min Mat Fac Was Fac Low Low Matter Collected 3419 | 275 288 181 1031 13 79 . 1136 177 . 54 179 6 Remotely . | . . . . . . . . . . . . . Salvage Created 3612 | 96 515 27 1401 15 . . 1408 54 . 74 . 22 Parts 235 | 6 41 3 83 2 . . 82 8 . 8 . 2 Haulers Intercepted 11 | . 2 . 5 . . . 4 . . . . . Recyclers Shooed 4 | . 1 . 1 . . . 2 . . . . . Parts Field Recycled . | . . . . . . . . . . . . . Retrieved Matter . | . . . . . . . . . . . . . Parts Self-Destructed 3 | . . . . . . . . . . . . 3 Prevented . | . . . . . . . . . . . . . Kills | -11 -10 -10 -9 -9 -9 -8 -8 -7 -7 -7 -7 -7 ------- Run | Yrd Mat Min Mat Min Exi Min Mat Fac Was Fac Low Low Combat Hostiles Destroyed 65 | . 10 7 26 3 . . 18 . . . . 1 Melee 1 | . . . . . . . . . . . . 1 Guns 43 | . 8 . 16 1 . . 18 . . . . . Cannons 14 | . 2 2 10 . . . . . . . . . AOE 7 | . . 5 . 2 . . . . . . . . Classes Destroyed 14 | 2 5 1 4 . . . 2 . . . . . Worker 2 | . . . . . . . 2 . . . . . Builder 3 | . 1 1 . . . . 1 . . . . . Tunneler 3 | 1 . . . . . . . 1 . 1 . . Hauler 11 | . 2 . 5 . . . 4 . . . . . Recycler 8 | 1 1 . 2 . . . 4 . . . . . Operator 5 | . . . 2 . . . . 1 . 2 . . Watcher 9 | . 2 . 2 . . . 4 1 . . . . Swarmer 16 | . 3 . 3 3 . . 6 . . . . 1 Grunt 26 | . 7 . 12 . . . 7 . . . . . Brawler 1 | . . . 1 . . . . . . . . . Duelist 1 | . . . 1 . . . . . . . . . Sentry 13 | . . . 9 . . . 4 . . . . . Hunter 1 | . . . . . . . 1 . . . . . Assembled 7 | . . 7 . . . . . . . . . . Best Kill Streak 5 | 1 3 2 5 3 . . 5 1 . 1 . 1 Combat Bots Only 5 | . 3 2 3 3 . . 5 . . . . 1 Max Kills in Single Turn 2 | 1 1 2 1 1 . . 1 1 . 1 . 1 Gunslinging . | . . . . . . . . . . . . . Exploded 2 | . . 2 . 1 . . . . . . . . Melee 1 | . . . . . . . . . . . . 1 Uniques/NPCs Destroyed . | . . . . . . . . . . . . . Combat | -11 -10 -10 -9 -9 -9 -8 -8 -7 -7 -7 -7 -7 -------- Run | Yrd Mat Min Mat Min Exi Min Mat Fac Was Fac Low Low Hostile Shots Fired 374 | . 80 5 136 11 . . 89 11 . . 1 41 Missed 103 | . 17 . 37 4 . . 18 5 . . . 22 Damage Taken 4184 | . 669 147 1242 51 . . 1016 342 . 438 17 262 Core 669 | . 159 23 112 12 . . 137 49 . 123 . 54 Absorbed by Shields . | . . . . . . . . . . . . . Redirected to Shielding 183 | . . . . . . . . 46 . 137 . . Regen/Repaired (Parts) 39 | . . . . . . . . . . 39 . . Core Remaining (%) 67 | 100 . 27 . . . 69 75 . . . . . Volleys Fired 316 | 5 65 11 115 4 . . 116 . . . . . Largest 2 | 2 2 2 2 2 . . 2 . . . . . Hottest 70 | 70 70 65 70 53 . . 50 . . . . . Shots Fired 607 | 10 115 20 225 7 . . 230 . . . . . Gun 494 | 10 104 . 146 4 . . 230 . . . . . Cannon 101 | . 11 11 79 . . . . . . . . . Launcher 12 | . . 9 . 3 . . . . . . . . Special . | . . . . . . . . . . . . . Kinetic 551 | 5 76 11 225 4 . . 230 . . . . . Thermal 44 | 5 39 . . . . . . . . . . . Explosive 12 | . . 9 . 3 . . . . . . . . Electromagnetic . | . . . . . . . . . . . . . Robot Hit Streak 20 | 3 8 4 19 20 . . 17 . . . . . Robot Miss Streak 5 | 1 5 2 3 . . . 5 . . . . . Penetration Max . | . . . . . . . . . . . . . Secondary Targets 2 | . 2 . . . . . . . . . . . Max Gunslinging Chain 1 | . 1 . . . . . . . . . . . Shots Hit Robots 413 | 7 68 4 164 1 . . 156 7 . 5 . 1 Core Hits 171 | 3 33 13 53 4 . . 61 2 . 1 . 1 Critical Kills 2 | . . . 1 . . . 1 . . . . . Critical Parts Destroyed . | . . . . . . . . . . . . . Critical Strikes 7 | . 2 . 4 . . . 1 . . . . . Burn 1 | . 1 . . . . . . . . . . . Destroy 2 | . . . 1 . . . 1 . . . . . Blast 4 | . 1 . 3 . . . . . . . . . Melee Attacks 115 | . . . 5 . . . 15 30 . 35 10 20 Impact 12 | . . . 5 . . . . 5 . 2 . . Slashing 90 | . . . . . . . 15 25 . 26 8 16 Piercing 13 | . . . . . . . . . . 7 2 4 Sneak Attacks 3 | . . . . . . . . 2 . 1 . . Combat Hostiles . | . . . . . . . . . . . . . Follow-up Attacks 1 | . . . . . . . . . . 1 . . Damage Inflicted 7232 | 74 706 354 2713 73 . . 2561 435 . 278 . 38 Guns 4962 | 74 604 . 1705 18 . . 2561 . . . . . Cannons 1161 | . 102 51 1008 . . . . . . . . . Explosions 358 | . . 303 . 55 . . . . . . . . Melee 751 | . . . . . . . . 435 . 278 . 38 Ramming . | . . . . . . . . . . . . . Kinetic 5807 | 35 429 51 2713 18 . . 2561 . . . . . Thermal 316 | 39 277 . . . . . . . . . . . Explosive 358 | . . 303 . 55 . . . . . . . . Electromagnetic . | . . . . . . . . . . . . . Impact . | . . . . . . . . . . . . . Slashing 727 | . . . . . . . . 435 . 254 . 38 Piercing 24 | . . . . . . . . . . 24 . . Highest Corruption 2 | . 2 2 . . . . . 1 1 1 1 1 Average Corruption 1 | . 2 2 . . . . . 1 1 1 1 1 Corruption Purged . | . . . . . . . . . . . . . Corruption Blocked . | . . . . . . . . . . . . . Effects 42 | . 14 16 . . . . . . . 7 4 1 Message Errors 10 | . 2 5 . . . . . . . . 2 1 Matter Fused 13 | . 6 2 . . . . . . . 4 1 . Heat Flow Errors 2 | . 1 . . . . . . . . . 1 . Energy Discharges 6 | . . 5 . . . . . . . 1 . . Parts Fused 1 | . 1 . . . . . . . . . . . Data Loss (minor) 6 | . 1 3 . . . . . . . 2 . . Data Loss (major) 1 | . 1 . . . . . . . . . . . Misfires 2 | . 2 . . . . . . . . . . . Alerts 1 | . . 1 . . . . . . . . . . Overload Shots . | . . . . . . . . . . . . . Overflow Damage 264 | . . 18 16 . . . . 118 . 112 . . Projectiles 16 | . . . 16 . . . . . . . . . Explosions 18 | . . 18 . . . . . . . . . . Melee 230 | . . . . . . . . 118 . 112 . . Knockbacks 8 | . . 1 7 . . . . . . . . . Impact . | . . . . . . . . . . . . . Kinetic 8 | . . 1 7 . . . . . . . . . Secondary . | . . . . . . . . . . . . . Self-Inflicted Damage 50 | . . 50 . . . . . . . . . . Shots 2 | . . 2 . . . . . . . . . . Rammed . | . . . . . . . . . . . . . Targets Rammed . | . . . . . . . . . . . . . Kicked . | . . . . . . . . . . . . . Crushed . | . . . . . . . . . . . . . Highest Temperature 384 | 60 384 27 133 . . . 45 17 . 44 187 . Average Temperature 46 | 28 83 11 44 . . . 12 17 . 32 94 . Received Heat Transfer 1311 | . 213 . 597 . . . 486 . . . 9 6 Effects 2 | . 2 . . . . . . . . . . . Interference 2 | . 2 . . . . . . . . . . . Siege Activations . | . . . . . . . . . . . . . Robots Corrupted . | . . . . . . . . . . . . . Combat Hostiles . | . . . . . . . . . . . . . Parts Fried . | . . . . . . . . . . . . . Impact Corruptions . | . . . . . . . . . . . . . Robots Melted . | . . . . . . . . . . . . . Combat Hostiles . | . . . . . . . . . . . . . Parts Melted 1 | . 1 . . . . . . . . . . . Heat Transferred 999 | 111 888 . . . . . . . . . . . Parts Sabotaged . | . . . . . . . . . . . . . Parts Stolen . | . . . . . . . . . . . . . Parts Stripped . | . . . . . . . . . . . . . Power Chain Reactions . | . . . . . . . . . . . . . Alert | -11 -10 -10 -9 -9 -9 -8 -8 -7 -7 -7 -7 -7 ------- Run | Yrd Mat Min Mat Min Exi Min Mat Fac Was Fac Low Low Peak Influence 382 | 10 144 39 382 181 . . 357 180 39 105 . . Initial 140 | . 6 17 . 90 . . . 140 24 20 . . Average 94 | 4 46 16 147 132 . . 133 113 29 47 . . Maximum Alert Level 1 | . . . 1 . . . 1 . . . . . Low Security (%) 87 | 100 100 100 77 100 . 100 72 100 100 100 . . Level 1 12 | . . . 22 . . . 27 . . . . . Level 2 . | . . . . . . . . . . . . . Level 3 . | . . . . . . . . . . . . . Level 4 . | . . . . . . . . . . . . . Level 5 . | . . . . . . . . . . . . . High Security . | . . . . . . . . . . . . . Max Security . | . . . . . . . . . . . . . Squads Dispatched 12 | . 1 . 3 . . . 2 5 . 1 . . Investigation 7 | . 1 . 1 . . . 1 3 . 1 . . Extermination 1 | . . . . . . . . 1 . . . . Reinforcement 4 | . . . 2 . . . 1 1 . . . . Assault . | . . . . . . . . . . . . . Garrison . | . . . . . . . . . . . . . Intercept . | . . . . . . . . . . . . . Searches Triggered . | . . . . . . . . . . . . . Construction Impeded 1 | . . . . . . . 1 . . . . . Haulers Reinforced . | . . . . . . . . . . . . . Active Scanning Responses . | . . . . . . . . . . . . . Cargo Convoy Interrupts . | . . . . . . . . . . . . . Stealth | -11 -10 -10 -9 -9 -9 -8 -8 -7 -7 -7 -7 -7 --------- Run | Yrd Mat Min Mat Min Exi Min Mat Fac Was Fac Low Low Distress Signals 7 | . 2 . 2 . . . 3 . . . . . Communications Jammed . | . . . . . . . . . . . . . Distress Signals . | . . . . . . . . . . . . . Times Spotted 132 | . 14 6 38 3 . . 37 5 3 5 7 14 Peak Tracking Total 8 | . 4 2 5 3 . . 6 2 3 2 4 8 Tactical Retreats 12 | . 1 . 2 . . . 3 . . . 2 4 Traps | -11 -10 -10 -9 -9 -9 -8 -8 -7 -7 -7 -7 -7 ------- Run | Yrd Mat Min Mat Min Exi Min Mat Fac Was Fac Low Low Traps Triggered 14 | . 6 . 2 . . . . 3 . 3 . . Indirectly . | . . . . . . . . . . . . . Trap Hack Attempts . | . . . . . . . . . . . . . Triggered . | . . . . . . . . . . . . . Disarmed . | . . . . . . . . . . . . . Reprogrammed . | . . . . . . . . . . . . . Reused . | . . . . . . . . . . . . . Traps Extracted . | . . . . . . . . . . . . . Installed . | . . . . . . . . . . . . . Triggered . | . . . . . . . . . . . . . Machines | -11 -10 -10 -9 -9 -9 -8 -8 -7 -7 -7 -7 -7 ---------- Run | Yrd Mat Min Mat Min Exi Min Mat Fac Was Fac Low Low Machines Disabled 3 | . . . 1 . . . 1 . . . . 1 Max in Single Turn 1 | . . . 1 . . . 1 . . . . 1 Garrison Access 2 | . . . . . . . 1 . . 1 . . Machines Repaired . | . . . . . . . . . . . . . Machines Dismantled . | . . . . . . . . . . . . . Machines Sabotaged . | . . . . . . . . . . . . . Overloaded Fab Kills . | . . . . . . . . . . . . . Hacking | -11 -10 -10 -9 -9 -9 -8 -8 -7 -7 -7 -7 -7 --------- Run | Yrd Mat Min Mat Min Exi Min Mat Fac Was Fac Low Low Machines Accessed 55 | . 9 . 13 1 2 1 12 6 . 10 1 . Terminals 41 | . 7 . 10 1 . 1 9 5 . 7 1 . Fabricators 1 | . . . . . . . . . . 1 . . Repair Stations 1 | . . . . . . . . . . 1 . . Recycling Units 5 | . 2 . 1 . . . 1 1 . . . . Scanalyzers 3 | . . . 2 . . . 1 . . . . . Garrison Access 2 | . . . . . . . 1 . . 1 . . Total Hacks 142 | . 24 . 39 2 2 1 32 17 . 24 1 . Successful 81 | . 12 . 17 1 2 1 23 8 . 16 1 . Failed 60 | . 11 . 22 1 . . 9 9 . 8 . . Catastrophic 8 | . . . 4 . . . 2 1 . 1 . . Database Lockouts 1 | . 1 . . . . . . . . . . . Manual 85 | . 19 . 23 . 1 1 14 13 . 14 . . Terminals 112 | . 17 . 33 2 . 1 25 13 . 20 1 . Fabricators 1 | . . . . . . . . . . 1 . . Repair Stations 2 | . . . . . . . . . . 2 . . Recycling Units 15 | . 7 . 2 . . . 2 4 . . . . Scanalyzers 8 | . . . 4 . . . 4 . . . . . Garrison Access 2 | . . . . . . . 1 . . 1 . . Terminal Hacks 36 | . 4 . 7 1 2 1 11 . . 9 1 . Record 4 | . . . . 1 1 . 1 . . . 1 . Part Schematic 1 | . . . . . . . . . . 1 . . Robot Analysis 3 | . 2 . 1 . . . . . . . . . Prototype ID Bank 6 | . 1 . 1 . . 1 2 . . 1 . . Branch Access Points 1 | . . . . . . . . . . 1 . . Terminal Index 3 | . . . 1 . . . 1 . . 1 . . Alert Level 4 | . . . 1 . . . 2 . . 1 . . Unreport Threat 2 | . . . 1 . . . 1 . . . . . Locate Traps 2 | . . . . . . . 1 . . 1 . . Security Status 3 | . . . 1 . . . 1 . . 1 . . Hauler Manifests 5 | . 1 . 1 . . . 2 . . 1 . . Zone Layout 1 | . . . . . . . . . . 1 . . Derelict Proto ID Bank 1 | . . . . . 1 . . . . . . . Fabricator Hacks 1 | . . . . . . . . . . 1 . . Network Status 1 | . . . . . . . . . . 1 . . Repair Station Hacks 2 | . . . . . . . . . . 2 . . Scan Component 1 | . . . . . . . . . . 1 . . Repair 1 | . . . . . . . . . . 1 . . Recycling Unit Hacks 8 | . 4 . 1 . . . 1 2 . . . . Retrieve Matter 2 | . 2 . . . . . . . . . . . Retrieve Components 6 | . 2 . 1 . . . 1 2 . . . . Scanalyzer 6 | . . . 2 . . . 4 . . . . . Insert Component 2 | . . . 1 . . . 1 . . . . . Analyze 4 | . . . 1 . . . 3 . . . . . Garrison Access Hacks 2 | . . . . . . . 1 . . 1 . . Seal Access 2 | . . . . . . . 1 . . 1 . . Unauthorized Hacks 26 | . 4 . 7 . . . 6 6 . 3 . . Terminals 21 | . 2 . 6 . . . 5 5 . 3 . . Track 1 | . . . . . . . 1 . . . . . Assimilate 8 | . . . 3 . . . 1 3 . 1 . . Botnet 10 | . 2 . 2 . . . 2 2 . 2 . . Operators 2 | . . . 1 . . . 1 . . . . . Fabricators . | . . . . . . . . . . . . . Repair Stations . | . . . . . . . . . . . . . Recycling Units 5 | . 2 . 1 . . . 1 1 . . . . Reject 5 | . 2 . 1 . . . 1 1 . . . . Scanalyzers . | . . . . . . . . . . . . . Garrison Access . | . . . . . . . . . . . . . Data Cores Recovered 2 | . . . . . . . . 1 . 1 . . Used . | . . . . . . . . . . . . . Hacking Detections 40 | . 7 . 9 1 . . 8 6 . 8 1 . Full Trace Events 4 | . . . . . . . 1 2 . 1 . . Feedback Events 1 | . . . . . . . . . . 1 . . Hackware Fried 1 | . . . . . . . . . . 1 . . Feedback Blocked . | . . . . . . . . . . . . . Robot Schematics Acquired . | . . . . . . . . . . . . . Robots Built . | . . . . . . . . . . . . . Authchips . | . . . . . . . . . . . . . Time . | . . . . . . . . . . . . . Total Robot Build Rating . | . . . . . . . . . . . . . Part Schematics Acquired 3 | . . . 1 . . . 1 . . 1 . . Parts Built . | . . . . . . . . . . . . . Authchips . | . . . . . . . . . . . . . Time . | . . . . . . . . . . . . . Total Part Build Rating . | . . . . . . . . . . . . . Parts Repaired 1 | . . . . . . . . . . 1 . . Time 51 | . . . . . . . . . . 51 . . Parts Recycled . | . . . . . . . . . . . . . Recycled Matter . | . . . . . . . . . . . . . Retrieved Matter 60 | . 60 . . . . . . . . . . . Retrieved Components 30 | . 10 . 10 . . . 9 1 . . . . Parts Scanalyzed 2 | . . . 1 . . . 1 . . . . . Part Schematics Acquired 2 | . . . 1 . . . 1 . . . . . Parts Damaged . | . . . . . . . . . . . . . Bothacking | -11 -10 -10 -9 -9 -9 -8 -8 -7 -7 -7 -7 -7 ------------ Run | Yrd Mat Min Mat Min Exi Min Mat Fac Was Fac Low Low Used RIF Installer . | . . . . . . . . . . . . . Robots Hacked . | . . . . . . . . . . . . . Non-combat . | . . . . . . . . . . . . . Combat . | . . . . . . . . . . . . . Robot Hacks Applied . | . . . . . . . . . . . . . Relay Couplers Released . | . . . . . . . . . . . . . Fabnet Peak Effective % . | . . . . . . . . . . . . . Robots Rewired . | . . . . . . . . . . . . . Allies Hacked . | . . . . . . . . . . . . . Hacks Repelled . | . . . . . . . . . . . . . Allies | -11 -10 -10 -9 -9 -9 -8 -8 -7 -7 -7 -7 -7 -------- Run | Yrd Mat Min Mat Min Exi Min Mat Fac Was Fac Low Low Total Allies 5 | . . . 1 . . . 1 2 . 1 . . Largest Group 2 | . . . 1 . . . 1 2 2 1 . . Highest-Rated Group 34 | . . . 10 . . . 10 34 30 10 . . Highest-Rated Ally 24 | . . . 10 . . . 10 24 20 10 . . Total Orders . | . . . . . . . . . . . . . Ally Attacks . | . . . . . . . . . . . . . Total Damage . | . . . . . . . . . . . . . Kills . | . . . . . . . . . . . . . Allies Corrupted . | . . . . . . . . . . . . . Allies Melted . | . . . . . . . . . . . . . Intel | -11 -10 -10 -9 -9 -9 -8 -8 -7 -7 -7 -7 -7 ------- Run | Yrd Mat Min Mat Min Exi Min Mat Fac Was Fac Low Low Robot Analysis Total 3 | . 2 . 1 . . . . . . . . . Derelict Logs Recovered 4 | . . 1 . . . . . . . . 2 1 Drone Launches . | . . . . . . . . . . . . . Drone Recoveries . | . . . . . . . . . . . . . Exploration | -11 -10 -10 -9 -9 -9 -8 -8 -7 -7 -7 -7 -7 ------------- Run | Yrd Mat Min Mat Min Exi Min Mat Fac Was Fac Low Low Turns Passed 11321 | 150 1670 1307 2751 228 760 367 2422 589 30 563 259 225 Spaces Moved 8292 | 85 896 672 1311 131 363 228 1148 1055 75 1006 807 515 Core 17 | 16 1 . . . . . . . . . . . Treads 4838 | 69 895 672 1311 131 363 228 1148 21 . . . . Legs . | . . . . . . . . . . . . . Wheels . | . . . . . . . . . . . . . Hover . | . . . . . . . . . . . . . Flight 3437 | . . . . . . . . 1034 75 1006 807 515 Fastest Speed 29 | 50 160 160 160 160 160 160 160 29 29 29 29 29 Average Speed 106 | 144 160 160 160 160 160 160 160 36 29 29 29 29 Slowest Speed 350 | 160 350 160 240 160 160 160 240 169 29 107 29 32 Overloaded Moves . | . . . . . . . . . . . . . Propulsion Burnouts . | . . . . . . . . . . . . . Robots Hopped . | . . . . . . . . . . . . . Cave-ins Triggered . | . . . . . . . . . . . . . Exploration Rate (%) 57 | 4 98 93 97 27 72 34 72 35 59 27 71 56 Regions Visited 12 Branch Regions 6 Pre-discovered Areas 2 | . . 1 . . 1 . . . . . . . Known Exits Taken 3 | . . . . . . 1 1 . . 1 . . Unknown Exits Taken 7 | 1 1 1 1 1 1 . . . . . 1 . Scrap Searched 7 | . . 1 . . . 1 . . . . 3 2 Spaces Dug 77 | . . . 5 . . . 13 19 . 22 8 10 Terrain Destroyed 208 | . . 89 8 39 . . 13 19 . 22 8 10 Melee 77 | . . . 5 . . . 13 19 . 22 8 10 Projectile 3 | . . . 3 . . . . . . . . . AOE 128 | . . 89 . 39 . . . . . . . . Terrain Rammed . | . . . . . . . . . . . . . Walls Destroyed . | . . . . . . . . . . . . . Machines Disabled . | . . . . . . . . . . . . . Actions | -11 -10 -10 -9 -9 -9 -8 -8 -7 -7 -7 -7 -7 --------- Run | Yrd Mat Min Mat Min Exi Min Mat Fac Was Fac Low Low Total 10069 | 104 1031 883 1730 142 542 229 1511 1213 82 1225 816 561 Wait 1048 | . 20 195 218 6 172 . 172 74 8 153 1 29 Move 8281 | 84 895 671 1310 130 362 227 1147 1055 74 1005 806 515 Hop . | . . . . . . . . . . . . . Pick Up 110 | 8 28 2 31 . 3 . 11 12 . 15 . . Fast Attach 10 | . . . . . . . 5 2 . 3 . . Attach 44 | 7 9 1 7 . . . 3 6 . 10 . 1 Detach 1 | . . . . . . . . . . 1 . . Swap 84 | . 6 2 24 2 3 2 25 17 . 2 1 . Drop 77 | . 8 1 20 . 2 . 17 20 . 9 . . Fire 316 | 5 65 11 115 4 . . 116 . . . . . Melee 98 | . . . 5 . . . 15 27 . 27 8 16 Ram . | . . . . . . . . . . . . . Kick . | . . . . . . . . . . . . . Crush . | . . . . . . . . . . . . . Escape Stasis . | . . . . . . . . . . . . . Rewire . | . . . . . . . . . . . . . Trap . | . . . . . . . . . . . . . Miscellaneous . | . . . . . . . . . . . . . Route ------- -11/Scrapyard -10/Materials (discovered 4 exits: *Mat x3 / [*Min]) -10/Mines (discovered 2 exits: *Mat x2) -9/Materials (discovered 5 exits: *Mat x3 / *Min x2) -9/Mines (discovered 2 exits: *Mat / *Exi) -9/Exiles (discovered 2 exits: *Min x2) -8/Mines (discovered 2 exits: *Mat x2) -8/Materials (discovered 3 exits: *Fac x2 / [*Sto]) -7/Factory -7/Waste -7/Factory (discovered 2 exits: *Low x2) -7/Lower Caves -7/Lower Caves (discovered 2 exits: [*Fac] / Dat) History --------- Turn | Location | Event 2 | -11/Scrapyard | Met Revision 17 35 | -11/Scrapyard | Discovered new exit (range 16) 151 | -11/Scrapyard | Entered Materials 304 | -10/Materials | Build established: Mutant 395 | -10/Materials | Discovered new exit (range 11) 579 | -10/Materials | Discovered new exit (range 16) 1060 | -10/Materials | Discovered new exit (range 16) 1375 | -10/Materials | Core integrity fell below 50% 1554 | -10/Materials | Discovered new exit (range 15) 1765 | -10/Materials | Central database locked down 1821 | -10/Materials | Entered Mines 1833 | -10/Mines | Met a Derelict bent on vengeance 1866 | -10/Mines | Assembled infested the area 1871 | -10/Mines | Assisted by a Guerilla fighting off Assembled 1877 | -10/Mines | Learned Materials non-interactive machine intel 2719 | -10/Mines | Learned location of Storage (-8) 2729 | -10/Mines | Discovered new exit (range 3) 2869 | -10/Mines | Discovered new exit (range 6) 3128 | -10/Mines | Entered Materials 3128 | -9/Materials | Evolved 2 slots: Propulsion x1, Utility x1 3129 | -9/Materials | Loaded intel: 34 non-interactive machine locations 3134 | -9/Materials | Discovered new exit (range 12) 3954 | -9/Materials | Discovered new exit (range 8) 4525 | -9/Materials | Discovered new exit (range 11) 5431 | -9/Materials | Discovered new exit (range 16) 5706 | -9/Materials | Discovered new exit (range 15) 5879 | -9/Materials | Entered Mines 5886 | -9/Mines | Received a Rocket Launcher from a helpful Derelict 6082 | -9/Mines | Discovered new exit (range 4) 6099 | -9/Mines | Deemed a non-threat by the Exiles lab entrance 6099 | -9/Mines | Discovered new exit (range 5) 6107 | -9/Mines | Entered Exiles 6133 | -9/Exiles | Discovered new exit (range 15) 6187 | -9/Exiles | Met 8R-AWN 6213 | -9/Exiles | Met EX-HEX 6330 | -9/Exiles | Met EX-DEC 6370 | -9/Exiles | Learned location of Zion (-6) 6403 | -9/Exiles | Met EX-BIN 6427 | -9/Exiles | Aligned with FarCom system 6429 | -9/Exiles | Given EX-Vault access code 6472 | -9/Exiles | Opened EX-Vault 6480 | -9/Exiles | Found Superbattery 6686 | -9/Exiles | Warned to stay clear of 0b10 Research branches 6848 | -9/Exiles | Discovered new exit (range 14) 6867 | -9/Exiles | Left Exiles lab with Superbattery 6867 | -9/Exiles | Entered Mines 6963 | -8/Mines | Discovered new exit (range 15) 7191 | -8/Mines | Discovered new exit (range 13) 7215 | -8/Mines | Identified exit to Materials 7234 | -8/Mines | Entered Materials 7234 | -8/Materials | Evolved 2 slots: Utility x2 7524 | -8/Materials | Build established: Scavenger-Mutant 7592 | -8/Materials | Discovered new exit (range 4) 7992 | -8/Materials | Discovered new exit (range 16) 8261 | -8/Materials | Discovered new exit (range 13) 9502 | -8/Materials | Identified exit to Factory 9656 | -8/Materials | Entered Factory 9656 | -7/Factory | Evolved 2 slots: Propulsion x1, Utility x1 9915 | -7/Factory | Lost 3 parts (1n1u1w) 10011 | -7/Factory | Discovered new exit (range 9) 10146 | -7/Factory | Build established: Hacker-Sprinter 10245 | -7/Factory | Sucked down chute 10245 | -7/Factory | Entered Waste 10248 | -7/Waste | Spotted C-40 Crusher 10254 | -7/Waste | Spotted C-40 Crusher 10258 | -7/Waste | Spotted C-40 Crusher 10261 | -7/Waste | Spotted C-40 Crusher 10261 | -7/Waste | Spotted C-40 Crusher 10261 | -7/Waste | Discovered new exit (range 13) 10265 | -7/Waste | 2 allies followed down the chute 10275 | -7/Waste | Entered Factory 10309 | -7/Factory | Hacking Suite fried by hacking feedback 10353 | -7/Factory | Identified exit to Lower Caves 10396 | -7/Factory | Lost 3 parts (1p1n1u) 10727 | -7/Factory | Repaired Imp. Flight Unit? 10838 | -7/Factory | Entered Lower Caves 10890 | -7/Lower Caves | Learned Factory security intel 10896 | -7/Lower Caves | Encountered a Warlord checkpoint 11061 | -7/Lower Caves | Learned Factory machine intel 11090 | -7/Lower Caves | Discovered new exit (range 4) 11097 | -7/Lower Caves | Entered another Lower Caves area 11136 | -7/Lower Caves | Encountered a Warlord checkpoint 11148 | -7/Lower Caves | Spotted B-75 Beast 11165 | -7/Lower Caves | Discovered new exit (range 3) 11214 | -7/Lower Caves | Attracted the attention of an 0b10 checkpoint 11252 | -7/Lower Caves | Identified exit to Data Miner 11322 | -7/Lower Caves | Self-destructed Last Messages --------------- 11136_ G2-2O2(M): "You haven't seen any Assembled, have you?" 11165_ EXIT=FOUND 11214_ Y-54 Guardian: "INTERCEPTING UNREGISTERED DERELICT." 11237_ Searching scrap... 11237_ Found Mak. Shrapnel Gun. 11237_ Found 33 Matter. 11252_ Acquired derelict log, extracted data. 11260_ Searching scrap... 11260_ Found Particle Charger. 11260_ Found 24 Matter. 11261_ Acquired 6 matter. 11261_ BW-27U(c): "I like it here. It's the perfect spot where no one bothers me, for obvious reasons." 11261_ Machine disabled. 11278_ TBYFV= ???????????????????????????????????????? | | ?????????????????????????????????????????????????? | | ?????????????????????????????????????????????????? | +----------------------------------------------------+ Best States ------------- Heat Dissipation 34 Energy Generation 15 Energy Capacity 1750 Matter Stores 300 Matter Capacity 300 Sight Range 16 Terrain Scan Density 10 Armor Coverage 300 Propulsion Shielding 66 Utility Shielding 33 Evasion (%) 64 Melee Accuracy 6 Recoil Reduction 3 Offensive Hacking 20 Item Schematics ----------------- Imp. Flight Unit | -9/Materials | Scanalyzed Imp. VTOL Module | -8/Materials | Scanalyzed Hacking Suite | -7/Factory | Hacked Robot Schematics ------------------ None Fabricated ------------ Nothing Alien Tech Used ----------------- None Achievements -------------- Party Time Challenges ------------ None Game ------ Seed VortexMiniDatajack Manual? 0 Play Time 03:10:49 Cumulative 85.1 hours Start 2024.06.15 @ 13:50:59 End 2024.06.15 @ 19:39:32 Sessions 3 Manual Loads 0 Difficulty Rogue Special Mode None Game No. 23 Rogue 23 Adventurer 0 Explorer 0 Win Type - Total 2 Types 1/0/0/1/0/0/0/0/0 Lore% 33 Gallery% 32 Achievement% 35 Wizard Run 0 Options --------- Layout 0 ASCII 0 Keyboard 0 Movement Mouse Keybinds 0 Fullscreen 1 Font 18/SmallcapsGlow Map View 76x50 Zoom Use 0% Tactical HUD 1 Map Filters NONE Filters NONE Steam 1 RUN: 84b3731a-2e15-4901-ae7f-ca2c99e1e05e